AoeStats
← Chaves

Arena

510414807Analyzed
4v4 RM · 2d ago on Sep 30, 2026· 39m 47s· 8 players
Game mode
Random Map
Map size
Large (8 player)
Population
200
Speed
Normal
Resources
Standard
Victory
Conquest
Starting age
Dark Age
Ending age
Imperial Age
RankedLock teamsTeams togetherTeam positionsShared explorationLock speedFull tech treeHidden civsTurbo modeCheats
Victory
Defeat
🇺🇾 Hindustanis · Uruguay
1181
+15
🇧🇷 Byzantines · Brazil
1174
+15
🇧🇷 Japanese · Brazil
1165
+16
🇺🇸 Persians · United States
1152
+16
🇲🇽 Chinese · Mexico
1203
-17
🇺🇸 Romans · United States
1190
-17
🇬🇧 Persians · United Kingdom
1125
-14
🇬🇧 Portuguese · United Kingdom
1123
-14
chillysloth
10:29 Feudal Age
14:10 Castle Age
12:29 Double-Bit Axe
12:46 Horse Collar
16:17 Bow Saw
19:32 Wheelbarrow
20:58 Gold Mining
20:59 Stone Mining
22:52 Gold Shaft Mining
24:16 Hand Cart
24:07 Scale Barding Armor
24:12 Forging
25:29 Chain Barding Armor
26:12 Bloodlines
26:02 Husbandry
27:08 Loom
28:49 Iron Casting
31:15 Imperial Age
28:31 Loom
28:31 Town Watch
30:01 Masonry
32:08 Plate Barding Armor
30:55 Cavalier
32:19 Conscription
33:16 Blast Furnace
32:59 Guilds
34:42 Savar
37:20 Chemistry
37:29 Two-Man Saw
36:31 Heavy Plow
39:15 Architecture
rodsra
11:29 Feudal Age
11:35 Feudal Age
17:25 Castle Age
17:01 Scale Mail Armor
18:17 Pikeman
20:52 Fletching
27:40 Double-Bit Axe
31:46 Imperial Age
30:32 Chain Mail Armor
31:42 Stone Mining
32:57 Wheelbarrow
32:47 Squires
33:15 Capped Ram
34:38 Hand Cart
34:35 Halberdier
35:35 Horse Collar
36:02 Gambesons
37:43 Heavy Plow
37:54 Bow Saw
Aphelink
10:48 Feudal Age
11:34 Double-Bit Axe
14:51 Castle Age
13:31 Horse Collar
13:44 Stone Mining
16:01 Bow Saw
19:08 Loom
21:04 Wheelbarrow
20:49 Heavy Plow
23:17 Hand Cart
23:35 Town Watch
27:40 Imperial Age
26:56 Scale Barding Armor
27:01 Forging
27:49 Gold Mining
28:36 Stone Shaft Mining
28:50 Chain Barding Armor
29:05 Iron Casting
27:52 Heavy Camel Rider
28:33 Husbandry
29:31 Bloodlines
29:38 Grand Trunk Road
29:49 Imperial Camel Rider
31:30 Gold Shaft Mining
31:40 Plate Barding Armor
33:07 Blast Furnace
32:38 Conscription
40:02 Masonry
39:58 Siege Engineers
40:04 Fortified Wall
39:50 Murder Holes
40:18 Ballistics
41:01 Chemistry
Chaves
10:02 Feudal Age
10:40 Double-Bit Axe
10:38 Horse Collar
13:08 Town Watch
13:41 Loom
16:48 Castle Age
15:48 Scale Mail Armor
15:44 Stone Mining
15:50 Gold Mining
17:51 Chain Mail Armor
19:03 Forging
20:52 Iron Casting
24:09 Wheelbarrow
23:29 Fletching
29:45 Heavy Plow
34:25 Hand Cart
36:09 Fletching
JustOutOfRange
10:40 Feudal Age
15:18 Castle Age
15:08 Double-Bit Axe
15:08 Horse Collar
17:04 Wheelbarrow
16:42 Bow Saw
20:20 Heavy Plow
21:28 Loom
21:28 Town Watch
21:44 Gold Mining
24:58 Hand Cart
25:25 Stone Mining
26:14 Gold Shaft Mining
26:32 Man-at-Arms
27:13 Squires
27:15 Scale Mail Armor
27:25 Forging
27:45 Long Swordsman
28:57 Padded Archer Armor
29:14 Chain Mail Armor
29:34 Iron Casting
28:42 Pikeman
30:20 Ballistics
30:10 Masonry
34:08 Imperial Age
32:02 Ballistas
31:53 Fletching
32:29 Fortified Wall
32:20 Town Patrol
35:51 Chemistry
34:56 Siege Engineers
35:53 Blast Furnace
35:19 Comitatenses
35:20 Conscription
36:07 Heavy Scorpion
36:08 Capped Ram
36:23 Halberdier
37:41 Crop Rotation
38:06 Legionary
38:51 Murder Holes
39:26 Architecture
38:29 Sappers
39:34 Bloodlines
39:24 Husbandry
Eduardo
0:27 Loom
10:17 Feudal Age
11:55 Wheelbarrow
15:01 Castle Age
13:36 Double-Bit Axe
15:06 Horse Collar
26:31 Imperial Age
24:30 Bow Saw
25:05 Forging
24:55 Scale Mail Armor
Baldwin IV the Leper King
12:17 Feudal Age
17:18 Castle Age
15:47 Double-Bit Axe
16:26 Stone Mining
24:34 Fletching
29:20 Horse Collar
30:40 Heavy Plow
30:54 Bow Saw
30:47 Gold Mining
37:24 Imperial Age
35:32 Wheelbarrow
36:45 Fortified Wall
36:56 Ballistics
39:22 Chemistry
Hache_ldn
9:53 Feudal Age
17:53 Castle Age
17:16 Forging
17:56 Bloodlines
25:22 Double-Bit Axe
26:55 Wheelbarrow
26:17 Fletching
29:43 Scale Barding Armor
30:14 Iron Casting
32:51 Imperial Age
30:22 Bodkin Arrow
32:02 Hand Cart
32:15 Chain Barding Armor
34:42 Kamandaran
34:59 Crossbowman
35:45 Thumb Ring
36:43 Padded Archer Armor
37:55 Chemistry
Connection lost

Rejoining the realm…

Still unreachable

The connection could not be restored.

Session expired

The server has moved on; the page needs a fresh start.